[Event "Late-Titled-Tuesday-Blitz-October-03-2023"]
[Site "Chess.com"]
[Date "2023.10.03"]
[Round "7"]
[White "zajka-molotok"]
[Black "Cambek64"]
[Result "1-0"]
[WhiteElo "2566"]
[BlackElo "2448"]
[TimeControl "180+1"]
[EndTime "15:14:31 PDT"]
[Termination "zajka-molotok won by resignation"]

1. e4 e6 2. d4 d5 3. exd5 exd5 4. Nf3 Nf6 5. Bd3 Bd6 6. Qe2+ Qe7 7. Qxe7+ Bxe7 8. O-O O-O 9. Bf4 c6 10. Re1 Re8 11.
Nbd2 h6 12. a4 Be6 13. h3 Nbd7 14. a5 a6 15. c3 Nf8 16. b4 N6d7 17. Nb3 Rad8 18.
Bc7 Rc8 19. Bh2 Rcd8 20. Re2 Nf6 21. Rae1 Ne4 22. Bxe4 dxe4 23. Rxe4 Bxb3 24. Rxe7 Rxe7 25. Rxe7 Rd7 26. Re8 f6 27. Nd2 Bd5 28. Bf4 Kf7 29. Rb8 Ne6 30. Be3 Ba2 31. g4 Ng5 32. h4 Ne6 33. f4 Nf8 34. f5 Re7 35. Kf2 Bd5 36.
c4 Bh1 37. Nb3 h5 38. g5 fxg5 39. hxg5 g6 40. f6 Rc7 41. Bf4 Rd7 42. Nc5 Rxd4 43. Rxf8+ Kxf8 44. Ne6+ Kf7 45. Nxd4 Be4 46. Nb3 Bd3 47.
Nc5 Bxc4 48. Nxb7 Ke6 49. Nd8+ Kd7 50. f7 Ke7 51. Bd6+ Kxd6 52. f8=Q+ 1-0

[Event "Late-Titled-Tuesday-Blitz-October-03-2023"]
[Site "Chess.com"]
[Date "2023.10.03"]
[Round "7"]
[White "Hikaru"]
[Black "Denis_Makhnyov"]
[Result "1-0"]
[WhiteElo "3280"]
[BlackElo "2952"]
[TimeControl "180+1"]
[EndTime "15:14:32 PDT"]
[Termination "Hikaru won by resignation"]

1. e4 e5 2. Bc4 Nf6 3. d3 c6 4. Nf3 d5 5. Bb3 Bb4+ 6. Bd2 Bxd2+ 7. Nbxd2 O-O 8. Nxe5 Qe7 9. f4 dxe4 10. dxe4 Nbd7 11. Nxd7 Bxd7 12. Qe2 Rfe8 13. e5 Nd5 14. O-O f6 15.
Rae1 fxe5 16. fxe5 a5 17. Bxd5+ cxd5 18. Nb3 a4 19.
Nd4 a3 20. b3 Be6 21. Qe3 Rac8 22. c3 Qc5 23. Rf3 Bf7 24. Qf2 Bg6 25. Rg3 Rf8 26. Qe3 Rce8 27. e6 Be4 28. Rxg7+ Kh8 29.
Rf7 Rg8 30. g3 b5 31. Qf2 Rg6 32. Re3 b4 33. Ne2 Rgxe6 34. cxb4 Qc2 35. Nf4 Qxf2+ 36. Kxf2 Rc6 37. Re2 d4 38. Rd7 Rc2 39. Rxc2 Bxc2 40.
Rxd4 Bb1 41. Rd2 Rb8 42. Nd5 Rd8 43. Ke3 Bxa2 44. Rxa2 Rxd5 45. Rxa3 Rd1 46. b5 Rd5 47.
Ra8+ Kg7 48. Ra7+ Kg6 49. b6 Rb5 50. b7 Rxb3+ 51. Kd4 Kg5 52. Kd5 Kg4 53. Kc6 Kh3 54. Ra5 Kxh2 1-0

[Event "Late-Titled-Tuesday-Blitz-October-03-2023"]
[Site "Chess.com"]
[Date "2023.10.03"]
[Round "7"]
[White "Joshukid"]
[Black "Levanzovsky"]
[Result "0-1"]
[WhiteElo "2553"]
[BlackElo "2470"]
[TimeControl "180+1"]
[EndTime "15:14:32 PDT"]
[Termination "Levanzovsky won by resignation"]

1. Nf3 Nf6 2. c4 g6 3. b3 Bg7 4.
Bb2 O-O 5. g3 d6 6. d4 a5 7. Nc3 Bf5 8. Bg2 Ne4 9. Nh4 Nxc3 10.
Bxc3 Bc8 11. Qd2 a4 12. O-O Nc6 13. b4 e5 14. d5 Nd4 15. e3 Nf5 16. Nxf5 Bxf5 17.
e4 Bd7 18. f4 exf4 19. Bxg7 Kxg7 20. gxf4 Re8 21. e5 dxe5 22. fxe5 Rxe5 23. Qd4 Qg5 24. Rae1 Re8 25. h4 Qg3 26. Re2 f6 27. Rf3 Qg4 28. Qxg4 Bxg4 29. Rxe5 Rxe5 30. Rf4 Bd7 31. c5 Kf7 32.
Bf1 Ke7 33. Bc4 f5 34. Kf2 h6 35. Rd4 g5 36. b5 a3 37. Bd3 f4 38. c6 bxc6 39.
bxc6 Bc8 40. Ra4 Rxd5 41. Rxa3 Kd6 42. Be4 Rd2+ 43. Ke1 Rh2 44. hxg5 hxg5 45. Ra5 g4 46. Rd5+ Ke6 47. Rd8 Ba6 48. Kd1 f3 49. Rf8 f2 50.
Bf5+ Ke7 0-1

[Event "Late-Titled-Tuesday-Blitz-October-03-2023"]
[Site "Chess.com"]
[Date "2023.10.03"]
[Round "7"]
[White "Doudou2015"]
[Black "GAusal"]
[Result "0-1"]
[WhiteElo "2157"]
[BlackElo "2276"]
[TimeControl "180+1"]
[EndTime "15:14:33 PDT"]
[Termination "GAusal won on time"]

1. b3 d5 2. Bb2 c5 3. e3 Nc6 4.
f4 Nf6 5. Nf3 g6 6. Bb5 Bg7 7.
Bxc6+ bxc6 8. Ne5 Qc7 9. O-O O-O 10. d3 Nd7 11. d4 cxd4 12. exd4 c5 13. c3 Ba6 14. Rf3 Nf6 15. Nd2 h5 16. dxc5 Qxc5+ 17. Kh1 Ne4 18. Qe1 Nxd2 19. Qxd2 Rad8 20. a4 e6 21. Ba3 Qc7 22. Bxf8 Rxf8 23. Rc1 Bxe5 24. fxe5 Qxe5 25. c4 dxc4 26. bxc4 Bb7 27. Rd3 h4 28. c5 Bd5 29. c6 Qc7 30. Qg5 Rb8 31. Qxh4 Rb2 32.
Rxd5 exd5 33. Qd4 Rb6 34. Qxd5 Kg7 35. Qd7 Qxd7 36. cxd7 Rd6 37. g3 Rxd7 38. Rc4 f5 39. Kg2 Kf6 40. Kf3 Ke5 41. h4 Rd3+ 42. Kf2 Ra3 43.
g4 f4 44. h5 gxh5 45. gxh5 Rh3 46. Rc5+ Ke4 47. Ra5 Rh2+ 48. Kg1 Rh4 49. Rxa7 Kf3 0-1

[Event "Late-Titled-Tuesday-Blitz-October-03-2023"]
[Site "Chess.com"]
[Date "2023.10.03"]
[Round "7"]
[White "Alexandr_Predke"]
[Black "Oleksandr_Bortnyk"]
[Result "0-1"]
[WhiteElo "2884"]
[BlackElo "3019"]
[TimeControl "180+1"]
[EndTime "15:14:34 PDT"]
[Termination "Oleksandr_Bortnyk won by resignation"]

1. d4 d6 2. e4 Nf6 3. Nc3 Nbd7 4. Nf3 e5 5. Bc4 Be7 6. O-O O-O 7. Re1 c6 8. a4 Qc7 9. Ba2 a5 10. h3 exd4 11.
Nxd4 Re8 12. Nf5 Bf8 13. Bf4 Ne5 14. Bxe5 dxe5 15. Qf3 g6 16. Ne3 Nh5 17. Ng4 Bg7 18.
Rad1 Nf4 19. h4 h5 20. Ne3 Be6 21. Bxe6 Nxe6 22. Ne2 Rad8 23. Nc4 b5 24. axb5 cxb5 25. Rxd8 Rxd8 26. Ne3 Nd4 27. Nxd4 exd4 28. Nd5 Qe5 29.
Qe2 f5 30. f3 fxe4 31. fxe4 Kh7 32. Qxb5 Qg3 33. Rf1 Qxh4 34. Qd3 a4 35. Rf7 Kh8 36. Qf3 Re8 37. Nf4 Qe1+ 38. Kh2 Qh4+ 39. Kg1 Qe1+ 40. Kh2 Qxe4 41. Qxe4 Rxe4 42. Nxg6+ Kg8 43. Rf4 Rxf4 44. Nxf4 Be5 45. g3 Bxf4 46. gxf4 Kf7 47. Kg3 Kg6 48.
Kh4 Kf5 49. Kxh5 Kxf4 50. Kg6 Ke3 51. Kf5 Kd2 52. Ke4 Kxc2 53. Kxd4 Kxb2 0-1

[Event "Late-Titled-Tuesday-Blitz-October-03-2023"]
[Site "Chess.com"]
[Date "2023.10.03"]
[Round "7"]
[White "Grossboss19"]
[Black "Road2GM3000"]
[Result "1/2-1/2"]
[WhiteElo "2515"]
[BlackElo "2378"]
[TimeControl "180+1"]
[EndTime "15:14:35 PDT"]
[Termination "Game drawn - insufficient material"]

1. d4 d5 2. Nc3 Nf6 3. Bf4 c6 4. e3 Bf5 5. f3 e6 6. g4 Bg6 7.
h4 h5 8. g5 Nfd7 9. Bd3 Bxd3 10. Qxd3 Nb6 11. g6 f6 12. O-O-O Na6 13. e4 Bd6 14.
Nh3 Bxf4+ 15. Nxf4 Qd6 16. Nh3 O-O-O 17. a3 Kb8 18.
Kb1 c5 19. exd5 Nxd5 20. Nxd5 Qxd5 21. dxc5 Qxd3 22. Rxd3 Rxd3 23. cxd3 Nxc5 24. d4 Nd7 25. Nf4 Nf8 26. Re1 Rh6 27. Nxe6 Nxe6 28. Rxe6 Rxg6 29. Re8+ Kc7 30. Rh8 Rg3 31. Rxh5 Rxf3 32. Rh7 Rg3 33. h5 Kc6 34. Kc2 a5 35. h6 gxh6 36.
Rxh6 Rf3 37. Rh5 b5 38. a4 f5 39. Rh6+ Kd5 40. axb5 Rf2+ 41. Kc3 Rf3+ 42. Kc2 a4 43. b6 Rf2+ 44. Kc3 Rf3+ 45. Kb4 Rb3+ 46. Kxa4 Rxb2 47.
Ka5 Kxd4 48. Rf6 Ke4 49. Re6+ Kd5 50. Rf6 Ke5 51. Rf8 f4 52. Ka6 Ke4 53. b7 Ra2+ 54. Kb5 Rb2+ 55. Kc6 Rc2+ 56. Kd6 Rb2 57. b8=Q Rxb8 58.
Rxb8 f3 59. Rb4+ Ke3 60. Ke5 f2 61. Rb3+ Ke2 62. Rb2+ Ke1 63. Ke4 f1=Q 64. Rb1+ Kf2 65. Rxf1+ Kxf1 1/2-1/2

[Event "Late-Titled-Tuesday-Blitz-October-03-2023"]
[Site "Chess.com"]
[Date "2023.10.03"]
[Round "7"]
[White "flukeyNZ"]
[Black "AsaHoffmann"]
[Result "1-0"]
[WhiteElo "2238"]
[BlackElo "2362"]
[TimeControl "180+1"]
[EndTime "15:14:36 PDT"]
[Termination "flukeyNZ won by resignation"]

1. d4 Nf6 2. c4 c5 3. d5 e5 4.
Nc3 d6 5. e4 Be7 6. Bd3 Nbd7 7.
Nf3 Nf8 8. Qc2 Ng6 9. h4 Nh5 10. g3 O-O 11. Qe2 a6 12. Ng1 Nf6 13. h5 Bg4 14. f3 Bxh5 15. g4 Bxg4 16. fxg4 Nd7 17. Nf3 Nh4 18. Nxh4 Bxh4+ 19. Kd1 Bg5 20. Kc2 Rb8 21.
Rh5 h6 22. Bxg5 hxg5 23. Rah1 f6 24. Qf3 Kf7 25. Rxg5 Rh8 26. Rf1 Qe7 27. Qf5 Rh6 28. Qf3 Rbh8 29. Rf5 Ke8 30. Ne2 Rh2 31. Rf2 Rxf2 32.
Qxf2 g6 33. Rf3 Qh7 34. a3 Qh1 35. Qg3 Rh2 36. g5 Rg2 37. Qh3 Qxh3 38. Rxh3 Rxg5 39. Rh8+ Ke7 40. Rc8 Rg2 41. Rc7 b6 42. Ra7 a5 43.
Kd2 g5 44. Bc2 g4 45. Ba4 g3 46. Rxd7+ Kf8 47. Rxd6 Kf7 48. Rd7+ Kg6 49. Rd8 Kg7 50. d6 Rf2 51. Ke1 Rf3 52. d7 Rd3 53. Re8 Kg6 54.
d8=Q Rxd8 55. Rxd8 g2 56. Kf2 1-0

[Event "Late-Titled-Tuesday-Blitz-October-03-2023"]
[Site "Chess.com"]
[Date "2023.10.03"]
[Round "7"]
[White "FM_Kappeler"]
[Black "Mariia89"]
[Result "0-1"]
[WhiteElo "2251"]
[BlackElo "2066"]
[TimeControl "180+1"]
[EndTime "15:14:36 PDT"]
[Termination "Mariia89 won by checkmate"]

1. d4 Nf6 2. c4 c5 3. d5 b5 4. cxb5 a6 5. bxa6 Bxa6 6. Nf3 d6 7. Nc3 g6 8. g3 Bg7 9. Bg2 O-O 10. O-O Nbd7 11. Rb1 Qa5 12. Bd2 Rfb8 13. b3 Qa3 14. Ne1 Ne8 15. Nc2 Qa5 16. Na4 Qc7 17. Ne3 Qa7 18.
Nb2 Nc7 19. Bh3 Nb6 20. a4 Nbxd5 21. Nxd5 Nxd5 22. Bg5 Bb7 23. Qd2 Nc3 24. Rbc1 Ne4 25.
Qe3 Nxg5 26. Qxg5 Bxb2 27. Rc2 Bf6 28. Qh6 Bd5 29. Rd2 Bxb3 30. Bg2 d5 31. e4 Qxa4 32. exd5 Ra6 33. Qf4 Qxf4 34. gxf4 c4 35. Rc1 Ra2 36. Rxa2 Bxa2 37. Bf1 c3 38. Bd3 Rd8 39. Be4 Bxd5 40. Bc2 Bc4 41. Kg2 Kg7 42. Kf3 Bd4 43. Ke4 Bf6 44.
f3 Rd2 45. Ke3 Rxh2 46. Be4 Re2# 0-1

[Event "Late-Titled-Tuesday-Blitz-October-03-2023"]
[Site "Chess.com"]
[Date "2023.10.03"]
[Round "7"]
[White "nicholas_ilic"]
[Black "protectiago"]
[Result "0-1"]
[WhiteElo "2176"]
[BlackElo "2067"]
[TimeControl "180+1"]
[EndTime "15:14:36 PDT"]
[Termination "protectiago won on time"]

1. e4 e5 2. Bc4 Nc6 3. Nf3 Bc5 4. O-O Nf6 5. d4 exd4 6. e5 d5 7. exf6 dxc4 8. fxg7 Rg8 9. Bh6 Be6 10. Ng5 Qf6 11.
Qh5 Qg6 12. Qxg6 hxg6 13. Re1 Kd7 14. Nd2 b5 15. Rad1 Rae8 16. Nde4 Be7 17. h4 Bd5 18. f3 f6 19. Nh7 Bxe4 20. Rxe4 f5 21. Ree1 Bxh4 22.
Rxe8 Kxe8 23. g3 Be7 24. Re1 Kf7 25. f4 Nd8 26. Rxe7+ Kxe7 27. Bg5+ Kf7 28. Nf6 Rxg7 29. Nd7 Ne6 30. Ne5+ Ke8 31. Bf6 Rh7 32. Kg2 c5 33.
Kf3 Rb7 34. g4 Nf8 35. g5 Nd7 36. Nxg6 Nxf6 37. gxf6 Kf7 38. Ne5+ Kxf6 39. Nc6 Rh7 40.
Kg2 Rg7+ 0-1

[Event "Late-Titled-Tuesday-Blitz-October-03-2023"]
[Site "Chess.com"]
[Date "2023.10.03"]
[Round "7"]
[White "KaydenTroffChess"]
[Black "Fandorine"]
[Result "1-0"]
[WhiteElo "2770"]
[BlackElo "2926"]
[TimeControl "180+1"]
[EndTime "15:14:37 PDT"]
[Termination "KaydenTroffChess won by resignation"]

1. d4 Nf6 2. Nf3 g6 3. Bg5 Bg7 4. Nbd2 O-O 5. e3 d6 6. c3 Nc6 7. Bc4 Qe8 8. O-O e5 9. dxe5 Nxe5 10. Nxe5 Qxe5 11. Bf4 Qe7 12. Be2 Bf5 13. Bf3 d5 14. c4 Rfd8 15. Qb3 c6 16. Rad1 h6 17. h3 Be6 18. Qc2 dxc4 19. Nxc4 Qc5 20. Rc1 Nd5 21. Bxd5 Bxd5 22. Nd6 Qxc2 23. Rxc2 Rd7 24. b3 a5 25. Nc4 Bxc4 26. bxc4 b5 27. cxb5 cxb5 28.
Rfc1 b4 29. Rc8+ Rd8 30. Rxa8 Rxa8 31. Bd6 Bc3 32. Kf1 f5 33. Ke2 Kf7 34. Rd1 Rd8 35.
Rd3 Ke6 36. Bc7 Rxd3 37. Kxd3 a4 38. Kc4 Be1 39. f3 h5 40. Bb6 Bd2 41. Bc5 g5 42.
Bxb4 Bxe3 43. Kb5 Kd5 44. Kxa4 Kc4 45. Be7 Kd3 46. Kb5 Ke2 47. a4 Kf1 48. a5 Kxg2 49.
a6 g4 50. hxg4 hxg4 51. fxg4 f4 52. Bc5 Bxc5 53. Kxc5 f3 54. a7 f2 55. a8=Q+ Kg1 56.
Qf8 1-0

[Event "Late-Titled-Tuesday-Blitz-October-03-2023"]
[Site "Chess.com"]
[Date "2023.10.03"]
[Round "7"]
[White "Vegan4future"]
[Black "matagordo"]
[Result "1-0"]
[WhiteElo "2406"]
[BlackElo "2222"]
[TimeControl "180+1"]
[EndTime "15:14:37 PDT"]
[Termination "Vegan4future won by resignation"]

1. d4 e6 2. Nc3 Nf6 3. Bf4 b6 4. e4 d5 5. Nb5 Na6 6. e5 Nd7 7. Nf3 Be7 8. Bd3 O-O 9. h4 f5 10. exf6 Nxf6 11. Qe2 Nb4 12. Nxc7 Nxd3+ 13. cxd3 Bd7 14.
Nxe6 Bxe6 15. Qxe6+ Kh8 16. Ne5 Qe8 17. O-O Bb4 18.
Qxe8 Raxe8 19. a3 Be7 20. Rac1 Nh5 21. Bh2 Bxh4 22. Rc7 a5 23. f4 Re6 24. g4 Nf6 25. g5 Nh5 26. Kg2 h6 27. gxh6 Rxh6 28. Nf7+ Rxf7 29. Rxf7 Rg6+ 30. Kf3 Bf6 31. Rg1 Rh6 32. Bg3 Bxd4 33. Rg2 Nf6 34. Rh2 Nh5 35. Rf5 g6 36.
Rxd5 Bg7 37. Rd6 Kg8 38. Rxb6 Bd4 39. Rb8+ Kf7 40. Rb7+ Ke6 41. Rb5 Rh8 42. Rxa5 Re8 43. Re2+ Kd7 44. Rxe8 Kxe8 45. b4 Ng7 46. Ke4 Bb6 47. Ra6 Bc7 48. Rxg6 Nh5 49. Bh2 Kf7 50.
Rh6 Ng7 51. Rh7 Kg6 52. Rxg7+ Kxg7 53. a4 1-0

[Event "Late-Titled-Tuesday-Blitz-October-03-2023"]
[Site "Chess.com"]
[Date "2023.10.03"]
[Round "7"]
[White "as9killer2"]
[Black "Rutricks"]
[Result "1-0"]
[WhiteElo "2519"]
[BlackElo "2687"]
[TimeControl "180+1"]
[EndTime "15:14:43 PDT"]
[Termination "as9killer2 won by resignation"]

1. c4 g6 2. Nc3 Bg7 3. g3 d6 4.
Bg2 Nf6 5. e4 O-O 6. Nge2 a6 7.
O-O c6 8. d4 b5 9. cxb5 axb5 10.
e5 dxe5 11. dxe5 Ng4 12. Qxd8 Rxd8 13. Nxb5 Bxe5 14. h3 Ba6 15. Nbc3 Bxc3 16. bxc3 Bxe2 17.
Re1 Ne5 18. Rxe2 Rd1+ 19. Kh2 Nd3 20. Rxe7 Kf8 21. Bh6+ Kxe7 22. Rxd1 Nxf2 23. Rd2 Nd1 24. Rxd1 Rxa2 25. Kh1 Rc2 26. Re1+ Kf6 27. Rf1+ Ke7 28. Bg7 f5 29. Re1+ Kd7 30. Be5 Na6 31. Rd1+ Ke6 32.
Bh8 c5 33. Bd5+ Ke7 34. Bc4 Nb8 35. Rb1 Nc6 36. Rb7+ Kd6 37. Bg7 Na5 38. Rb6+ Kc7 39. Rb5 Nb7 40. Bd5 Nd6 41. Rxc5+ Kd7 42. Be5 Ne8 43.
Bc6+ Ke7 44. Bxe8 Kxe8 45. Rc7 h6 46. h4 Re2 47. Bd4 g5 48. hxg5 hxg5 49. Rg7 f4 50.
gxf4 gxf4 51. Rg4 f3 52. Rf4 f2 53. Rxf2 Re4 54. Rd2 Kd7 55. Kg2 Kc6 56. Kf3 Rxd4 57.
cxd4 1-0

[Event "Late-Titled-Tuesday-Blitz-October-03-2023"]
[Site "Chess.com"]
[Date "2023.10.03"]
[Round "7"]
[White "ETTrainer"]
[Black "Ducke13"]
[Result "0-1"]
[WhiteElo "2274"]
[BlackElo "2483"]
[TimeControl "180+1"]
[EndTime "15:14:43 PDT"]
[Termination "Ducke13 won by checkmate"]

1. e4 c5 2. Nc3 d6 3. f4 g6 4. Nf3 Bg7 5. Bb5+ Nc6 6. Bxc6+ bxc6 7. O-O a5 8. d3 Nf6 9. Qe1 a4 10. h3 a3 11. e5 Nd5 12. Nxd5 cxd5 13. bxa3 O-O 14. Qh4 Rb8 15. c4 dxc4 16. dxc4 Ba6 17. f5 Bxc4 18. Qxc4 dxe5 19. Be3 e4 20. Rad1 Qa5 21.
Qxe4 Qxa3 22. fxg6 hxg6 23. Ng5 Rb4 24. Qxe7 Qxa2 25.
Bxc5 Rb2 26. Qe4 Rc8 27. Bd4 Rb4 28. Rxf7 Rxd4 29. Rxd4 Qa1+ 30. Kh2 Qxd4 31. Qe6 Qe5+ 32. Qxe5 Bxe5+ 33. Kg1 Rc1+ 34. Kf2 Bd4+ 35. Kg3 Be3 36. Rd7 Bxg5 37. Kg4 Bf6 38. g3 Rc4+ 39. Kf3 Be5 40. Rd3 Rc3 41. h4 Rxd3+ 42. Ke4 Rxg3 43. Kxe5 Rf3 44.
Ke4 Rf8 45. Ke5 Kg7 46. Ke4 Kh6 47. Ke3 Kh5 48. Ke2 Kxh4 49. Ke1 g5 50. Ke2 g4 51. Ke3 Kh3 52. Ke4 g3 53. Ke5 g2 54. Ke6 Rf2 55.
Ke7 g1=Q 56. Ke6 Qe1+ 57. Kd5 Rd2+ 58. Kc4 Qc1+ 59. Kb3 Rb2+ 60. Ka3 Qa1# 0-1

[Event "Late-Titled-Tuesday-Blitz-October-03-2023"]
[Site "Chess.com"]
[Date "2023.10.03"]
[Round "7"]
[White "Sanyura"]
[Black "ContrVersia"]
[Result "0-1"]
[WhiteElo "2664"]
[BlackElo "2876"]
[TimeControl "180+1"]
[EndTime "15:14:44 PDT"]
[Termination "ContrVersia won on time"]

1. e4 c5 2. Nf3 a6 3. c3 d5 4. exd5 Qxd5 5. d4 Bg4 6. Be2 Nf6 7. O-O e6 8. Be3 cxd4 9. cxd4 Nc6 10. Nc3 Qd6 11.
Qb3 Qb4 12. h3 Bh5 13. d5 Qxb3 14. axb3 Nxd5 15. Nxd5 exd5 16. g4 Bg6 17. Nd4 Nxd4 18. Bxd4 f6 19. Rfe1 Kf7 20. Bf3 Be4 21. Bxe4 dxe4 22.
Rxe4 Rc8 23. Bc3 Bd6 24. Rd1 Rhd8 25. Red4 Bc7 26. Bb4 Rxd4 27. Rxd4 Ke6 28. Re4+ Be5 29. Bc3 Kd5 30. Re3 Bxc3 31. bxc3 Rc7 32. Kf1 b5 33.
Ke2 a5 34. Kd3 a4 35. bxa4 bxa4 36. c4+ Kc5 37. Kc3 Ra7 38. Rd3 a3 39. Rd5+ Kc6 40. Rd1 a2 41. Ra1 Kc5 42. Kb3 g5 43. f3 Kd4 44.
Rd1+ Kc5 45. Ra1 h6 46. Kc3 Ra3+ 47. Kb2 Rxf3 48. Kxa2 Kxc4 49. Kb2 Rxh3 50. Ra4+ Kd5 51. Kc2 Rf3 52. Kd2 Rf4 53. Ra6 Ke4 0-1

[Event "Late-Titled-Tuesday-Blitz-October-03-2023"]
[Site "Chess.com"]
[Date "2023.10.03"]
[Round "7"]
[White "SaqoChess_Twitch"]
[Black "FaustinoOro"]
[Result "1-0"]
[WhiteElo "2653"]
[BlackElo "2852"]
[TimeControl "180+1"]
[EndTime "15:14:44 PDT"]
[Termination "SaqoChess_Twitch won by checkmate"]

1. d4 Nf6 2. c4 e6 3. Nc3 Bb4 4. e3 O-O 5. a3 Bxc3+ 6. bxc3 d6 7. Bd3 e5 8. f3 Re8 9. e4 Nc6 10. Ne2 Ne7 11. Kf2 Ng6 12. h4 h6 13. h5 Nf8 14.
g4 N6h7 15. Be3 c6 16. Qd2 d5 17. cxd5 cxd5 18. exd5 Qxd5 19. c4 Qd8 20. d5 Qf6 21.
Kg3 Qd6 22. Be4 Nf6 23. Nc3 b6 24. a4 Ba6 25. g5 hxg5 26. Bxg5 Bxc4 27. Rag1 N8h7 28.
Kf2 Nxe4+ 29. Nxe4 Qxd5 30. Qxd5 Bxd5 31. Nf6+ Kh8 32. Nxd5 Rac8 33. Ne3 e4 34. f4 f6 35. Bh4 Rc5 36. h6 g5 37. Bg3 Rd8 38. Rd1 Rg8 39.
f5 Rc3 40. Rd7 Nf8 41. Rf7 Nh7 42. Rd1 Rd3 43. Rc1 Rd2+ 44. Kg1 Rf8 45. Rxf8+ Nxf8 46. Rc7 Rd3 47. Kf2 Nd7 48. Ng4 Rf3+ 49. Kg2 Rd3 50. Nxf6 Rd2+ 51. Kf1 Nc5 52. Rh7# 1-0

[Event "Late-Titled-Tuesday-Blitz-October-03-2023"]
[Site "Chess.com"]
[Date "2023.10.03"]
[Round "7"]
[White "jaskol95"]
[Black "Leebit02"]
[Result "0-1"]
[WhiteElo "2618"]
[BlackElo "2507"]
[TimeControl "180+1"]
[EndTime "15:14:45 PDT"]
[Termination "Leebit02 won by resignation"]

1. e4 c5 2. Nf3 e6 3. b4 cxb4 4. d4 Nf6 5. Bd3 Nc6 6. O-O Be7 7. a3 O-O 8. e5 Nd5 9. axb4 Ncxb4 10. Be2 d6 11. c3 Nc6 12. exd6 Bxd6 13. Bg5 Be7 14. Bxe7 Qxe7 15. c4 Nf4 16. Nc3 Rd8 17. Re1 Qf6 18.
Ne4 Qg6 19. Ng3 b6 20. Bf1 Bb7 21. Qd2 Qh6 22. Red1 Rd7 23. Qe3 Rad8 24. d5 exd5 25. cxd5 Nxd5 26. Qxh6 gxh6 27. Bb5 Ndb4 28. Re1 a6 29.
Bc4 b5 30. Bb3 Rd3 31. Rab1 Bc8 32. h3 Kg7 33. Nh5+ Kf8 34. Nf6 Bf5 35. Nh4 Bg6 36.
Nxg6+ hxg6 37. Ng4 Kg7 38. Rbc1 Rxb3 39. Ne3 Rbd3 40.
g3 R3d6 41. Kg2 Nd3 42. Red1 Nxc1 43. Rxc1 Nd4 44. Rc7 R8d7 45. Rc8 b4 46. Rb8 Nb5 47. Nc4 Re6 48. Ra8 b3 49. Rb8 Rc6 50. Ne5 b2 51. Nxc6 b1=Q 52. Ne5 Qe4+ 53. Nf3 Rd3 0-1

[Event "Late-Titled-Tuesday-Blitz-October-03-2023"]
[Site "Chess.com"]
[Date "2023.10.03"]
[Round "7"]
[White "JohnWhite1952"]
[Black "emeli_chess"]
[Result "0-1"]
[WhiteElo "2073"]
[BlackElo "2372"]
[TimeControl "180+1"]
[EndTime "15:14:45 PDT"]
[Termination "emeli_chess won on time"]

1. e4 c5 2. Nf3 d6 3. c3 Nf6 4.
Be2 Bd7 5. d3 Bc6 6. O-O Nbd7 7.
Re1 e6 8. Bf1 Be7 9. Nbd2 O-O 10. Nc4 b5 11. Ne3 a6 12. a4 bxa4 13. Qc2 Qb8 14. Nc4 Qb3 15. Qe2 a5 16. Bf4 e5 17.
Bg5 h6 18. Bh4 Rfe8 19. Ra3 Qb7 20. Bxf6 Nxf6 21. g3 Qa6 22. Bh3 Rab8 23. Nh4 Bf8 24. Nf5 Red8 25. Qf3 Kh7 26. Rd1 Rb3 27. Raa1 a3 28.
Rxa3 Rxa3 29. Nxa3 d5 30. exd5 Bxd5 31. Qe3 g6 32. Nh4 Qd6 33. Nf3 Bxf3 34. Qxf3 e4 35. Qe3 exd3 36. Bf1 d2 37. Nc4 Qd5 38. Nxd2 Bg7 39.
Be2 Qc6 40. Nc4 Rxd1+ 41. Bxd1 Nd5 42. Qe4 Qd7 43. Bf3 Nf6 44. Qc6 h5 0-1

[Event "Late-Titled-Tuesday-Blitz-October-03-2023"]
[Site "Chess.com"]
[Date "2023.10.03"]
[Round "7"]
[White "Bauman_Guy"]
[Black "Malev212"]
[Result "0-1"]
[WhiteElo "2854"]
[BlackElo "2658"]
[TimeControl "180+1"]
[EndTime "15:14:46 PDT"]
[Termination "Malev212 won by resignation"]

1. e4 g6 2. d4 Bg7 3. Nc3 c6 4. Bc4 d6 5. Nf3 Nf6 6. Bb3 Bg4 7. h3 Bxf3 8. Qxf3 Nbd7 9. O-O O-O 10. Be3 b5 11. a4 b4 12. Ne2 Qc7 13. Rfd1 c5 14. dxc5 Nxc5 15. Bxc5 Qxc5 16. Nf4 a5 17. h4 Qe5 18.
Nd3 Qh5 19. Qxh5 Nxh5 20. Re1 e6 21. Rad1 Rfd8 22. f3 Kf8 23. g4 Nf6 24. e5 Ne8 25.
f4 Rac8 26. Kf2 dxe5 27. fxe5 Rd4 28. Kg3 Nc7 29. Rf1 Ke7 30. Rf3 Rcd8 31. Rdf1 Rxd3 32. cxd3 Bxe5+ 33. Kg2 f5 34. g5 Bxb2 35. h5 Rd4 36.
hxg6 hxg6 37. Rh1 Na6 38. Re3 Nc5 39. Bc4 Rg4+ 40. Rg3 Rxg3+ 41. Kxg3 Nxa4 42. Rh7+ Kd6 43. Rh6 Nc5 44. Rxg6 a4 45. Rg8 Be5+ 46. Kf3 b3 47. Rb8 b2 48. g6 Nb3 49. Bxb3 b1=Q 50. Rd8+ Ke7 51. g7 Bxg7 52. Rg8 axb3 53. Rxg7+ Kf6 54. Rg2 b2 0-1

[Event "Late-Titled-Tuesday-Blitz-October-03-2023"]
[Site "Chess.com"]
[Date "2023.10.03"]
[Round "7"]
[White "alfianasybullina"]
[Black "Sacbutt"]
[Result "0-1"]
[WhiteElo "2395"]
[BlackElo "2264"]
[TimeControl "180+1"]
[EndTime "15:14:46 PDT"]
[Termination "Sacbutt won by resignation"]

1. d4 e5 2. dxe5 Nc6 3. e4 Nxe5 4. Nf3 Ng6 5. Bc4 h6 6. Be3 d6 7. Nc3 Nf6 8. Qd2 Be7 9. O-O-O a6 10. Nd4 Ng4 11. Nf5 Bxf5 12. exf5 Nxe3 13. Bxf7+ Kxf7 14. fxg6+ Kxg6 15. Qxe3 Rf8 16. Qd3+ Kf7 17. Rhe1 Kg8 18. Re2 c6 19. Kb1 d5 20. Rde1 Bf6 21. g3 Qd7 22. f4 Rae8 23. a4 Rxe2 24. Nxe2 Re8 25. Rd1 Qe7 26. Nd4 Bxd4 27. Qxd4 Qe4 28. b3 Qxd4 29. Rxd4 Re2 30. h4 b5 31. axb5 axb5 32. Rd3 h5 33. Kb2 Kf7 34. Kc3 Ke6 35. Kb4 Kd6 36. c4 bxc4 37.
bxc4 c5+ 38. Ka5 d4 39. Rb3 Ra2+ 40. Kb6 Ra4 41. Kb5 Ra1 42. Rf3 Rb1+ 43. Ka5 Rb4 44.
f5 Rxc4 45. f6 gxf6 46. Rxf6+ Ke7 47. Rh6 d3 48. Kb5 d2 49. Kxc4 d1=Q 50. Rh7+ Kf6 51. Rh6+ Kf5 52. Rc6 Qd4+ 53. Kb5 Kg4 54. Rxc5 Qxc5+ 55.
Kxc5 Kxg3 56. Kd4 Kxh4 57. Ke3 Kg3 58. Ke2 Kg2 59. Ke3 h4 60. Kf4 h3 61. Kg4 h2 0-1

[Event "Late-Titled-Tuesday-Blitz-October-03-2023"]
[Site "Chess.com"]
[Date "2023.10.03"]
[Round "7"]
[White "BardArtem"]
[Black "Krakozia"]
[Result "1-0"]
[WhiteElo "2795"]
[BlackElo "2970"]
[TimeControl "180+1"]
[EndTime "15:14:48 PDT"]
[Termination "BardArtem won by resignation"]

1. e4 c5 2. c3 d5 3. exd5 Qxd5 4.
d4 Nf6 5. Nf3 Nc6 6. Na3 Bg4 7.
Be2 cxd4 8. Nb5 O-O-O 9. Nbxd4 e5 10. Nxc6 Qxc6 11. Qc2 Bc5 12. h3 Bxf3 13. Bxf3 e4 14. Be2 Rhe8 15. O-O Nd5 16. a4 Qg6 17. b4 Bd6 18. Rd1 Bc7 19. Bc4 Qd6 20. Rxd5 Qh2+ 21. Kf1 Qh1+ 22. Ke2 Qxg2 23. Rxd8+ Rxd8 24. Be3 f5 25.
Rd1 Qf3+ 26. Ke1 f4 27. Rxd8+ Bxd8 28. Bd4 Bh4 29. Qe2 Qh1+ 30. Qf1 Qh2 31. Bd5 e3 32. Qg2 Bxf2+ 33. Kf1 Qg3 34. Qxg3 fxg3 35. Ke2 b6 36. Bxe3 Bxe3 37. Kxe3 h5 38. h4 Kd7 39. Kf4 Kd6 40. Bg2 Ke6 41. Kxg3 Kf5 42. Kf3 g5 43. hxg5 Kxg5 44.
c4 Kf6 45. Kf4 Ke6 46. c5 Ke7 47. c6 Kd8 48. b5 Kc7 49. Kg5 Kb8 50. Kxh5 Kc7 51.
Kg5 Kd6 52. Kf6 Kc7 53. Ke7 Kb8 54. Kd6 a5 55. c7+ Ka7 56. Bf1 Kb7 57. Bh3 Ka7 58.
Bg4 1-0

[Event "Late-Titled-Tuesday-Blitz-October-03-2023"]
[Site "Chess.com"]
[Date "2023.10.03"]
[Round "7"]
[White "luizzy"]
[Black "Veiso"]
[Result "0-1"]
[WhiteElo "2600"]
[BlackElo "2465"]
[TimeControl "180+1"]
[EndTime "15:14:49 PDT"]
[Termination "Veiso won by resignation"]

1. b3 d5 2. Bb2 Bg4 3. f3 Bh5 4. e4 dxe4 5. Qe2 c6 6. Qxe4 Bg6 7. Qc4 e6 8. Nh3 Nf6 9. Nf4 Nd5 10. Nxg6 hxg6 11.
Nc3 Bd6 12. Ne4 Rxh2 13. Rxh2 Bxh2 14. Bxg7 Qh4+ 15. Kd1 Qe7 16. Bd4 Nd7 17. c3 f5 18. Nc5 Nxc5 19. Bxc5 Bd6 20. Bxd6 Qxd6 21. Qh4 Nxc3+ 22. Kc2 Nd5 23. Re1 Rd8 24. Kb1 Kd7 25. Qh7+ Kc8 26. Qxg6 Nf4 27. Qg7 Qxd2 28. Qe5 Nd3 29.
Bxd3 Qxd3+ 30. Kc1 Rd5 31. Qxe6+ Kc7 32. Qe7+ Kb6 33.
Qb4+ Rb5 34. Qd2 Rc5+ 35. Kd1 Qb1+ 36. Ke2 Re5+ 37. Kf2 Rxe1 38. Qxe1 Qc2+ 39. Qe2 Qb1 40. Qe3+ Ka6 41. Qe2+ Kb6 42. Kg3 a6 43. Kf4 a5 44. Qe3+ Ka6 45. Qe2+ b5 46. Qe6 Kb6 47. Qe3+ Kb7 48. Qe7+ Kb6 49. Qe3+ Kb7 50. Qd2 Qh1 51.
Kxf5 Qh7+ 52. Kf4 Qh6+ 53. Kg4 Qxd2 54. g3 Qxa2 55. f4 Qxb3 0-1